 Dungeon Crawl Stone Soup version 0.24.1-14-gf8d2b509d9 (webtiles) character file.

Game seed: 12020033711113874195, levelgen mode: deterministic

47 Jumperg the Vexing (level 3, -2/29 HPs)
             Began as a Centaur Arcane Marksman on June 10, 2020.
             Slain by a kobold
             ... wielding a +0 whip of electrocution
              (20 damage)
             ... on level 2 of the Dungeon.
             The game lasted 00:13:54 (1107 turns).

Jumperg the Vexing (Centaur Arcane Marksman)        Turns: 1107, Time: 00:13:54

Health: -2/29      AC:  4    Str: 12    XL:     3   Next: 48%
Magic:  5/5        EV:  9    Int: 13    God:
Gold:   41         SH:  0    Dex:  9    Spells: 4/5 levels left

rFire    . . .     SeeInvis .   c - +0 spear
rCold    . . .     Gourm    .   (no shield)
rNeg     . . .     Faith    .   e - +0 robe
rPois    .         Spirit   .   (no helmet)
rElec    .         Reflect  .   (no cloak)
rCorr    .         Harm     .   (no gloves)
MR       .....                  (no barding)
Stlth    +.........             (no amulet)
HPRegen  0.09/turn              (no ring)
MPRegen  0.09/turn              (no ring)

@: very quick
A: large, hooves 3, deformed body, speed 2, tough skin 3
a: no special abilities


You were on level 2 of the Dungeon.
You were not hungry.

You visited 1 branch of the dungeon, and saw 2 of its levels.

You collected 41 gold pieces.

Inventory:

Hand Weapons
 a - a +0 shortbow
 c - a +0 spear (weapon)
 g - a +0 hunting sling
 i - a +0 hand axe
 j - a cursed -1 hand axe
Missiles
 d - 33 arrows
 h - 79 stones (quivered)
Armour
 e - a +0 robe (worn)
Scrolls
 b - 3 scrolls of teleportation {unknown}
 l - a scroll of magic mapping {unknown}
 m - a scroll of blinking {unknown}
Potions
 k - 3 potions of brilliance {unknown}
 n - a potion of flight {unknown}
 p - a potion of cancellation {unknown}
Comestibles
 f - 3 rations


   Skills:
 + Level 2.1 Fighting
 - Level 2.6 Bows
 - Level 1.3 Dodging
 + Level 1.6 Spellcasting
 + Level 3.2 Hexes


You had 4 spell levels left.
You knew the following spells:

 Your Spells              Type           Power        Failure   Level  Hunger
a - Corona                Hex            #......      7%          1    ##.....

Your spell library contained the following spells:

 Spells                   Type           Power        Failure   Level  Hunger
 Slow                     Hex            #.......     11%         2    ###....
 Inner Flame              Hex/Fire       #.......     38%         3    ####...
 Portal Projectile        Hex/Tloc       #.....       38%         3    ####...
 Cause Fear               Hex            #.........   56%         4    #####..
 Leda's Liquefaction      Hex/Erth       #.........   80%         4    #####..


Dungeon Overview and Level Annotations

Branches:
Dungeon (2/15)

Altars:


Innate Abilities, Weirdness & Mutations

You have hooves in place of feet.
Armour fits poorly on your strangely shaped body.
You cover ground very quickly.
You have extremely tough skin. (AC +3)


Message History

Press: ? - help, Dir - move target cursor, f/p - bat
Aim: a bat (severely wounded)
You closely miss the bat.
The bat is severely wounded.
The bat closely misses you. The bat barely misses you.
You closely miss the bat.
The bat is severely wounded.
The bat hits you.
You hit the bat.
You kill the bat!
The kobold hits you with a +0 whip of electrocution.
There is a stone staircase leading up here.
Attack whom?
Press: ? - help, Dir - move target cursor, f - kobold
Aim: a kobold, wielding a +0 whip of electrocution You reach to attack!
You closely miss the kobold. The kobold hits you but does no damage.
You are electrocuted!!
Ouch! That really hurt!
You die...

#.#.##.?.....#
#...>..#####..
##..##.## ....
#..### #... #....#
.%. ##.##.###
###.###..##...##
#....K#####..####...
#....@# ##......#
#.....# ########
#.....# #.....#
#######


You could see a kobold.

Vanquished Creatures
  2 gnolls (D:1)
  A dart slug (D:1)
  5 hobgoblins (D:1)
  5 bats
  A frilled lizard (D:1)
  5 goblins (D:1)
  6 kobolds (D:1)
  2 rats (D:1)
27 creatures vanquished.

Notes
Turn   | Place    | Note
-------+----------+-------------------------------------------
     0 | D:1      | Jumperg the Centaur Arcane Marksman began the quest for the
                  | Orb.
     0 | D:1      | Reached XP level 1. HP: 16/16 MP: 2/2
   333 | D:1      | Reached XP level 2. HP: 23/23 MP: 3/3
   451 | D:1      | Reached skill level 3 in Hexes
   921 | D:1      | Reached XP level 3. HP: 19/29 MP: 2/5
  1107 | D:2      | Slain by a kobold

Levels and vault maps discovered:
D:1:      giann_horns, layout_basic, st_stairs_1, minmay_tromino_i2
D:2:      layout_rooms, gammafunk_temple_overflow_claw, marbit_many_paths,
          first_ration, dk_vineyard_1

Skill      XL: |  1  2 |
---------------+-------+-----
Hexes          | 3 |  3.2
Fighting       | 2 |  2.1
Bows           | |  2.6
Dodging        | |  1.3
Spellcasting   | |  1.6

Action                   || total
-------------------------++-------
Melee: Spear             ||    56
       Unarmed           ||     8
       Kick              ||     4
 Fire: Shortbow          ||    32
       Hunting sling     ||     2
Throw: Stone             ||    10
 Cast: Corona            ||     4
Armor: Robe              ||    25
Dodge: Dodged            ||    35
